PL
D.C. DIVIDED @ NORTHERN VIRGINIA RAINBOW MERMAIDS
05/13/2030
 
TOP OF THE 1ST
D.C. Divided batting - Pitching for Northern Virginia Rainbow Mermaids : RHP Aurelio López
Pitching: RHP Aurelio López
Batting: RHB Roberto Maestas 0-0: Ball
1-0: Ball
2-0: Called Strike
2-1: Called Strike
2-2: Strikes out looking
Batting: RHB Tony Romero 0-0: Called Strike
0-1: Ball
1-1: Fly out, F9 (Flyball, 9LM)
Batting: RHB Mario Castillo 0-0: Ball
1-0: Ball
2-0: Ball
3-0: Called Strike
3-1: Foul Ball, location: 2F
3-2: Ground out 1-3 (Groundball, 13)
Top of the 1st over - 0 runs, 0 hits, 0 errors, 0 left on base; D.C. 0 - Northern Virginia 0
BOTTOM OF THE 1ST
Northern Virginia Rainbow Mermaids batting - Pitching for D.C. Divided : RHP Brewster Warble
Pitching: RHP Brewster Warble
Batting: RHB Brett Callison 0-0: Foul Ball, location: 2F
0-1: Ball
1-1: Swinging Strike
1-2: Ground out 6-3 (Groundball, 6)
Batting: LHB Scott Kerin 0-0: Ball
1-0: DOUBLE (Flyball, 8LXD)
Batting: LHB Kyoji Hakoda 0-0: Ball
1-0: Swinging Strike
1-1: Ball
2-1: Called Strike
2-2: Foul Ball, location: 2F
2-2: SINGLE (Groundball, 34D)
Scott Kerin to third
Batting: SHB Eustacio Tafalla 0-0: Ball
1-0: Called Strike
1-1: Ball
2-1: Ball
3-1: Base on Balls
Kyoji Hakoda to second
Batting: RHB Alfredo Pizarro 0-0: Ball
1-0: SINGLE (Groundball, 56D)
Scott Kerin scores
Kyoji Hakoda to third
Eustacio Tafalla to second
Runner from 3rd tries for Home, SAFE, no throw
Batting: LHB Ty Tomblin 0-0: Fly out, F8 (Flyball, 89M)
Batting: RHB Colt Cabana 0-0: Ball
1-0: Called Strike
1-1: Ground out 6-3 (Groundball, 6S)
Bottom of the 1st over - 2 runs, 3 hits, 0 errors, 2 left on base; D.C. 0 - Northern Virginia 2
TOP OF THE 2ND
D.C. Divided batting - Pitching for Northern Virginia Rainbow Mermaids : RHP Aurelio López
Batting: RHB Wilfred McLaughlin 0-0: Called Strike
0-1: Ball
1-1: Ball
2-1: Foul Ball, location: 2F
2-2: Ground out 4-3 (Groundball, 4)
Batting: RHB Wilbur Davis 0-0: Swinging Strike
0-1: Foul Ball, location: 2F
0-2: Fly out, F2 (Popup, 13S)
Batting: LHB Obidiah Lewis 0-0: Ball
1-0: Called Strike
1-1: Foul Ball, location: 2F
1-2: Foul Ball, location: 2F
1-2: Strikes out looking
Top of the 2nd over - 0 runs, 0 hits, 0 errors, 0 left on base; D.C. 0 - Northern Virginia 2
BOTTOM OF THE 2ND
Northern Virginia Rainbow Mermaids batting - Pitching for D.C. Divided : RHP Brewster Warble
Batting: RHB Mike Strickland 0-0: Called Strike
0-1: Ball
1-1: Ball
2-1: Swinging Strike
2-2: Foul Ball, location: 2F
2-2: Foul Ball, location: 2F
2-2: Ground out 4-3 (Groundball, 4M)
Batting: LHB Miguel Gazivoda 0-0: Called Strike
0-1: Foul Ball, location: 2F
0-2: SINGLE (Line Drive, 89S)
Batting: RHB Brett Callison 0-0: Called Strike
0-1: Ball
1-1: Ball
2-1: SINGLE (Groundball, 25) (infield hit)
Miguel Gazivoda to second
Batting: LHB Scott Kerin 0-0: Ball
1-0: Ball
2-0: Ball
3-0: Called Strike
3-1: Called Strike
3-2: Base on Balls
Miguel Gazivoda to third
Brett Callison to second
Batting: LHB Kyoji Hakoda 0-0: DOUBLE (Flyball, 8RXD)
Miguel Gazivoda scores
Brett Callison scores
Scott Kerin to third
Batting: SHB Eustacio Tafalla 0-0: Ball
1-0: Fly out, F9 (Flyball, 9LM)
Lined into DP, 9-6 (Flyball, 9LM)
Bottom of the 2nd over - 2 runs, 3 hits, 0 errors, 1 left on base; D.C. 0 - Northern Virginia 4
TOP OF THE 3RD
D.C. Divided batting - Pitching for Northern Virginia Rainbow Mermaids : RHP Aurelio López
Batting: LHB Sal Bradshaw 0-0: Called Strike
0-1: Foul Ball, location: 2F
0-2: Ball
1-2: Ball
2-2: Foul Ball, location: 2F
2-2: SOLO HOME RUN (Line Drive, 9LD), Distance : 342 ft
Batting: LHB Neil Lawson 0-0: Fly out, F7 (Flyball, 78D)
Batting: RHB Arturo Rodríguez 0-0: Called Strike
0-1: Ball
1-1: Ball
2-1: Ball
3-1: Base on Balls
Batting: RHB Roberto Maestas 0-0: Called Strike
0-1: Ground out 5-3 (Groundball, 56S)
Arturo Rodríguez to second
Batting: RHB Tony Romero 0-0: Ball
1-0: Ball
2-0: Swinging Strike
2-1: Ground out 4-3 (Groundball, 4MD)
Top of the 3rd over - 1 run, 1 hit, 0 errors, 1 left on base; D.C. 1 - Northern Virginia 4
BOTTOM OF THE 3RD
Northern Virginia Rainbow Mermaids batting - Pitching for D.C. Divided : RHP Brewster Warble
Batting: RHB Alfredo Pizarro 0-0: Called Strike
0-1: Ball
1-1: Called Strike
1-2: Foul Ball, location: 2F
1-2: TRIPLE (Line Drive, 89XD)
Batting: LHB Ty Tomblin 0-0: Ball
1-0: Called Strike
1-1: Ground out U3 (Groundball, 3S)
Batting: RHB Colt Cabana 0-0: Ball
1-0: Ball
2-0: Called Strike
2-1: Foul Ball, location: 2F
2-2: Reached via error on a dropped throw, E3
Alfredo Pizarro scores
Batting: RHB Mike Strickland 0-0: Called Strike
0-1: Ball
1-1: Ball
2-1: Ball
3-1: Foul Ball, location: 2F
3-2: Foul Ball, location: 2F
3-2: Strikes out looking
Batting: LHB Miguel Gazivoda 0-0: Ball
1-0: Ball
2-0: Foul Ball, location: 2F
2-1: Ball
3-1: Ground out 5-3 (Groundball, 56S)
Bottom of the 3rd over - 1 run, 1 hit, 1 error, 1 left on base; D.C. 1 - Northern Virginia 5
TOP OF THE 4TH
D.C. Divided batting - Pitching for Northern Virginia Rainbow Mermaids : RHP Aurelio López
Batting: RHB Mario Castillo 0-0: Fly out, F7 (Flyball, 78M)
Batting: RHB Wilfred McLaughlin 0-0: Ball
1-0: Fly out, F5 (Line Drive, 5)
Batting: RHB Wilbur Davis 0-0: Called Strike
0-1: Ball
1-1: Called Strike
1-2: Foul Ball, location: 2F
1-2: SINGLE (Line Drive, 8LS)
Batting: LHB Obidiah Lewis 0-0: Called Strike
0-1: Called Strike
0-2: Ball
1-2: Ball
2-2: Strikes out swinging
Top of the 4th over - 0 runs, 1 hit, 0 errors, 1 left on base; D.C. 1 - Northern Virginia 5
BOTTOM OF THE 4TH
Northern Virginia Rainbow Mermaids batting - Pitching for D.C. Divided : RHP Brewster Warble
Batting: RHB Brett Callison 0-0: Called Strike
0-1: Ball
1-1: Foul Ball, location: 2F
1-2: Ball
2-2: Fly out, F8 (Line Drive, 8LM)
Batting: LHB Scott Kerin 0-0: Foul Ball, location: 2F
0-1: Ball
1-1: Called Strike
1-2: Foul Ball, location: 2F
1-2: Ball
2-2: Ball
3-2: Fly out, F8 (Flyball, 8LD)
Batting: LHB Kyoji Hakoda 0-0: Foul Ball, location: 2F
0-1: Ball
1-1: Fly out, F9 (Flyball, 9LM)
Bottom of the 4th over - 0 runs, 0 hits, 0 errors, 0 left on base; D.C. 1 - Northern Virginia 5
TOP OF THE 5TH
D.C. Divided batting - Pitching for Northern Virginia Rainbow Mermaids : RHP Aurelio López
Batting: LHB Sal Bradshaw 0-0: Ball
1-0: Called Strike
1-1: Foul Ball, location: 2F
1-2: Foul Ball, location: 2F
1-2: Ball
2-2: Foul Ball, location: 2F
2-2: Foul Ball, location: 2F
2-2: Ball
3-2: Foul Ball, location: 2F
3-2: Base on Balls
Batting: LHB Neil Lawson 0-0: Swinging Strike
0-1: Ball
1-1: Foul Ball, location: 2F
1-2: Ball
2-2: Strikes out swinging
Batting: RHB Arturo Rodríguez 0-0: Swinging Strike
0-1: Ball
1-1: Foul Ball, location: 2F
1-2: Ball
2-2: SINGLE (Line Drive, 56D)
Sal Bradshaw to second
Sal Bradshaw to third
Batting: RHB Roberto Maestas 0-0: Ball
1-0: Fly out, F7 (Flyball, 7S)
Runner from 3rd tags up, OUT at HOME
Top of the 5th over - 0 runs, 1 hit, 0 errors, 1 left on base; D.C. 1 - Northern Virginia 5
BOTTOM OF THE 5TH
Northern Virginia Rainbow Mermaids batting - Pitching for D.C. Divided : RHP Brewster Warble
Batting: SHB Eustacio Tafalla 0-0: Ball
1-0: Ground out 4-3 (Groundball, 4)
Batting: RHB Alfredo Pizarro 0-0: Ball
1-0: Ball
2-0: Ball
3-0: Base on Balls
Batting: LHB Ty Tomblin 0-0: Called Strike
0-1: Called Strike
0-2: Ball
1-2: Foul Ball, location: 2F
1-2: Ball
2-2: Ball
3-2: Ground out 4-3 (Groundball, 34D)
Alfredo Pizarro to second
Batting: RHB Colt Cabana 0-0: Ball
1-0: Ground out 4-3 (Groundball, 4)
Bottom of the 5th over - 0 runs, 0 hits, 0 errors, 1 left on base; D.C. 1 - Northern Virginia 5
TOP OF THE 6TH
D.C. Divided batting - Pitching for Northern Virginia Rainbow Mermaids : RHP Aurelio López
Batting: RHB Tony Romero 0-0: Ground out 4-3 (Groundball, 4)
Batting: RHB Mario Castillo 0-0: Called Strike
0-1: Ball
1-1: Ball
2-1: Ground out 5-3 (Groundball, 56)
Batting: RHB Wilfred McLaughlin 0-0: Swinging Strike
0-1: Ball
1-1: Foul Ball, location: 2F
1-2: Strikes out looking
Top of the 6th over - 0 runs, 0 hits, 0 errors, 0 left on base; D.C. 1 - Northern Virginia 5
BOTTOM OF THE 6TH
Northern Virginia Rainbow Mermaids batting - Pitching for D.C. Divided : RHP Brewster Warble
Pitching: LHP Domingo Posadas
Batting: RHB Mike Strickland 0-0: Swinging Strike
0-1: Ball
1-1: Ball
2-1: Ball
3-1: Base on Balls
Batting: LHB Miguel Gazivoda 0-0: Ball
1-0: Foul Ball, location: 2F
1-1: Foul Ball, location: 2F
1-2: Fly out, F7 (Flyball, 78D)
Batting: RHB Brett Callison 0-0: Foul Ball, location: 2F
0-1: Fly out, F8 (Line Drive, 8RD)
Batting: LHB Scott Kerin 0-0: Ball
1-0: Called Strike
1-1: Swinging Strike
1-2: Strikes out looking
Bottom of the 6th over - 0 runs, 0 hits, 0 errors, 1 left on base; D.C. 1 - Northern Virginia 5
TOP OF THE 7TH
D.C. Divided batting - Pitching for Northern Virginia Rainbow Mermaids : RHP Aurelio López
Batting: RHB Wilbur Davis 0-0: Ball
1-0: Swinging Strike
1-1: Ball
2-1: Ball
3-1: Base on Balls
Pitching: RHP Guldemunde Geilinger
Batting: LHB Obidiah Lewis 0-0: Called Strike
Wilbur Davis steals 2nd base
0-1: Called Strike
0-2: Ball
1-2: Strikes out looking
Batting: LHB Sal Bradshaw 0-0: Swinging Strike
0-1: Swinging Strike
0-2: Ball
1-2: Strikes out looking
Batting: LHB Neil Lawson 0-0: Ball
1-0: Called Strike
1-1: Ball
2-1: Swinging Strike
2-2: Fly out, F8 (Flyball, 8LD)
Top of the 7th over - 0 runs, 0 hits, 0 errors, 1 left on base; D.C. 1 - Northern Virginia 5
BOTTOM OF THE 7TH
Northern Virginia Rainbow Mermaids batting - Pitching for D.C. Divided : LHP Domingo Posadas
Batting: LHB Kyoji Hakoda 0-0: Called Strike
0-1: Ground out 4-3 (Groundball, 4)
Batting: SHB Eustacio Tafalla 0-0: DOUBLE (Line Drive, 7LS)
Batting: RHB Alfredo Pizarro 0-0: Intentional Walk
Batting: LHB Ty Tomblin 0-0: SINGLE (Groundball, 4MD)
Eustacio Tafalla to third
Alfredo Pizarro to second
Runner from 3rd tries for Home, SAFE, no throw
Batting: RHB Colt Cabana 0-0: Called Strike
0-1: Ball
1-1: Ball
2-1: Swinging Strike
2-2: Ball
3-2: SINGLE (Line Drive, 8LS)
Alfredo Pizarro to third
Ty Tomblin to second
Runner from 3rd tries for Home, SAFE, no throw
Batting: RHB Mike Strickland 0-0: Ball
Ty Tomblin steals 3rd base
Colt Cabana to second
1-0: Ball
2-0: Ball
3-0: Called Strike
3-1: SINGLE (Groundball, 3D)
Ty Tomblin scores
Colt Cabana to third
Runner from 3rd tries for Home, SAFE, no throw
Batting: LHB Miguel Gazivoda 0-0: SINGLE (Line Drive, 3)
Mike Strickland to second
Batting: RHB Brett Callison 0-0: Foul Ball, location: 2F
0-1: Ground out U3 (Groundball, 34S)
Mike Strickland to third
Miguel Gazivoda to second
Batting: LHB Scott Kerin 0-0: Called Strike
0-1: Called Strike
0-2: Foul Ball, location: 2F
0-2: Foul Ball, location: 2F
0-2: Fly out, F9 (Flyball, 9S)
Bottom of the 7th over - 4 runs, 5 hits, 0 errors, 2 left on base; D.C. 1 - Northern Virginia 9
TOP OF THE 8TH
D.C. Divided batting - Pitching for Northern Virginia Rainbow Mermaids : RHP Guldemunde Geilinger
Now at 2B: Júlio Vargas
Now at SS: Lionel McCloud
Batting: RHB Arturo Rodríguez 0-0: Called Strike
0-1: Foul Ball, location: 2F
0-2: Strikes out swinging
Batting: RHB Roberto Maestas 0-0: Called Strike
0-1: Ball
1-1: SINGLE (Line Drive, 5S)
Batting: RHB Tony Romero Pickoff Throw to First - Out!
0-0: Swinging Strike
0-1: Called Strike
0-2: Ball
1-2: Foul Ball, location: 2F
1-2: Strikes out swinging
Top of the 8th over - 0 runs, 1 hit, 0 errors, 0 left on base; D.C. 1 - Northern Virginia 9
BOTTOM OF THE 8TH
Northern Virginia Rainbow Mermaids batting - Pitching for D.C. Divided : LHP Domingo Posadas
Batting: LHB Kyoji Hakoda 0-0: SINGLE (Popup, 34D)
Batting: SHB Eustacio Tafalla 0-0: Called Strike
0-1: Swinging Strike
0-2: Strikes out swinging
Batting: RHB Alfredo Pizarro 0-0: Ball
1-0: Called Strike
1-1: Ball
2-1: Fly out, F8 (Line Drive, 8LD)
Batting: LHB Ty Tomblin 0-0: Called Strike
0-1: Ground out 4-3 (Groundball, 4MS)
Bottom of the 8th over - 0 runs, 1 hit, 0 errors, 1 left on base; D.C. 1 - Northern Virginia 9
TOP OF THE 9TH
D.C. Divided batting - Pitching for Northern Virginia Rainbow Mermaids : RHP Guldemunde Geilinger
Batting: RHB Mario Castillo 0-0: Ball
1-0: Fly out, F3 (Popup, 3SF)
Batting: RHB Wilfred McLaughlin 0-0: Called Strike
0-1: Ball
1-1: Foul Ball, location: 2F
1-2: Strikes out looking
Batting: RHB Wilbur Davis 0-0: Swinging Strike
0-1: Called Strike
0-2: Strikes out looking
Top of the 9th over - 0 runs, 0 hits, 0 errors, 0 left on base; D.C. 1 - Northern Virginia 9
Sunday, March 18th, 2018 - OOTP Baseball 18.8 Build 76